 Dungeon Crawl Stone Soup version 0.26.1-11-gd32895ea62 (webtiles) character file.

Game seed: 16069425884404000031

2212 Descartes the Grappler (level 9, -2/80 HPs)
             Began as a Troll Chaos Knight on May 22, 2021.
             Was a Plaything of Xom.
             Slain by an ufetubus (4 damage)
             ... on level 7 of the Dungeon.
             The game lasted 00:09:45 (5669 turns).

Descartes the Grappler (Troll Chaos Knight)         Turns: 5669, Time: 00:09:45

Health: -2/80      AC:  7    Str: 22      XL:     9   Next: 13%
Magic:  8/8        EV: 13    Int:  8 (9)  God:    Xom [..*...]
Gold:   1054       SH:  0    Dex: 11      Spells: 8/8 levels left

rFire    . . .     SeeInvis .     - Unarmed
rCold    + . .     Faith    .   (no shield)
rNeg     . . .     Spirit   .   A - +2 robe {rF+}
rPois    .         Reflect  .   (helmet restricted)
rElec    .         Harm     .   (no cloak)
rCorr    .         Rampage  .   (gloves unavailable)
Will     .....                  (boots unavailable)
Stlth    +.........             (no amulet)
HPRegen  0.63/turn              y - ring of ice
MPRegen  0.11/turn              (no ring)

@: no status effects
A: large, unfitting armour, claws 3, hooves 1, deformed body, deterioration 1,
regeneration 1, shaggy fur 1, tough skin 3, evolution 1
a: Renounce Religion


You were on level 7 of the Dungeon.
You worshipped Xom.
You were a toy of Xom.
You visited 2 branches of the dungeon, and saw 8 of its levels.

You collected 1135 gold pieces.
You spent 81 gold pieces at shops.

Inventory:

Hand Weapons
 a - a +3 hunting sling
 r - a +2 dagger of chaos
Missiles
 d - 244 stones (quivered)
 i - 14 boomerangs
 z - 19 poisoned darts
Armour
 A - a +2 robe of fire resistance (worn)
Jewellery
 y - a ring of ice (left claw)
Wands
 b - a wand of acid (7)
 m - a wand of random effects (33)
 q - a wand of flame (11)
Scrolls
 e - 4 scrolls of amnesia {unknown}
 j - 7 scrolls of remove curse {unknown}
 k - 3 scrolls of enchant armour {unknown}
 l - 3 scrolls of teleportation {unknown}
 n - 2 scrolls of fog {unknown}
 w - a scroll of blinking {unknown}
 x - 3 scrolls of magic mapping {unknown}
 B - a scroll of random uselessness {unknown}
 C - 3 scrolls of identify
 D - a scroll of enchant weapon {unknown}
 E - a scroll of acquirement {unknown}
Potions
 c - a potion of haste
 f - 3 potions of heal wounds {unknown}
 g - 2 potions of flight
 h - a potion of berserk rage
 o - a potion of lignification
 p - 2 potions of might
 s - a potion of cancellation
 t - 3 potions of magic
 u - a potion of brilliance
 F - 2 potions of degeneration {unknown}
 G - a potion of invisibility {unknown}


   Skills:
 - Level 2.4 Fighting
 + Level 7.4 Dodging
 + Level 9.1 Unarmed Combat


You had 8 spell levels left.
You didn't know any spells.
Your spell library contained the following spells:

 Spells                   Type           Power        Failure   Level
 Freeze                   Ice            0%           41%         1
 Frozen Ramparts          Ice            0%           78%         3
 Ozocubu's Armour         Ice            0%           78%         3
 Hailstorm                Conj/Ice       0%           99%         4
 Summon Ice Beast         Ice/Summ       0%           99%         4


Dungeon Overview and Level Annotations

Branches:
Dungeon (7/15)             Temple (1/1) D:5

Altars:
Ashenzari
Cheibriados
Dithmenos
Elyvilon
Fedhas
Hepliaklqana
Makhleb
Okawaru
Qazlal
Ru
Sif Muna
Trog
Uskayaw
Vehumet
Xom
Zin
The Shining One

Shops:
D:5 [


Innate Abilities, Weirdness & Mutations

You are too large for most types of armour.
You have claws for hands.
Your natural rate of healing is unusually fast.
You are covered in fur. (AC +1)
You have extremely tough skin. (AC +3)
You have large cloven feet.
Armour fits poorly on your strangely shaped body.
Your body sometimes deteriorates upon taking damage.
You evolve.


Message History

* * * LOW HITPOINT WARNING * * *
The ufetubus hits you but does no damage.
The killer bee barely misses you. The ufetubus barely misses you.
The ufetubus hits you but does no damage.
You feel better. The killer bee closely misses you.
The ufetubus barely misses you. The ufetubus closely misses you.
The killer bee stings you.
* * * LOW HITPOINT WARNING * * *
You completely miss the killer bee. Your kick misses the killer bee.
The killer bee is moderately wounded.
The ufetubus misses you. The ufetubus hits you.
* * * LOW HITPOINT WARNING * * *
Xom is mildly amused.
The killer bee closely misses you.
You miss the killer bee.
The killer bee is moderately wounded.
The killer bee stings you.
* * * LOW HITPOINT WARNING * * *
The ufetubus hits you.
You die...

, ...##..........### ##. *
*...#.............##...
#..................... , ,,
#........##...#.....# ,,., ,
..#..........#...... ,#. ,
,#......##......... * , #.,
*##..........#...... * ##..
*#..........##......
.....####@.###.####....... **
*#....$†y5##....#........
,,##..#..#.##............. ,,
##......#.............. , ,,
.........##..........###
,,*,.......................###
* #...........##.........##. ,
#)..........####.......... ,
$##.........# ,#....#.....


You could see a killer bee and an ufetubus.

Vanquished Creatures
  Duvessa (D:4)
  2 sky beasts (D:5)
  2 centaurs
  4 ogres
  2 bullfrogs (D:6)
  Dowan (D:4)
  3 scorpions
  3 killer bees (D:7)
  6 wights (D:4)
  A howler monkey (D:6)
  A bullfrog zombie (D:5)
  2 orc priests (D:3)
  A bullfrog skeleton (D:5)
  5 hounds
  Jessica (D:2)
  3 worker ants
  Natasha (twice) (D:2)
  Robin (D:2)
  8 adders
  A shadow imp (D:5)
  A white imp (D:6)
  An adder skeleton (D:4)
  3 worms (D:2)
  3 dart slugs
  3 leopard geckos
  12 orcs
  2 ball pythons
  6 giant cockroaches
  20 goblins
  15 hobgoblins
  11 jackals
  10 bats
  2 frilled lizards (D:1)
  A giant cockroach zombie (D:5)
  A jackal skeleton (D:4)
  8 kobolds
  15 rats
164 creatures vanquished.

Vanquished Creatures (collateral kills)
  A hound (D:2)
1 creature vanquished.

Vanquished Creatures (others)
  12 plants (D:2)
12 creatures vanquished.

Grand Total: 177 creatures vanquished

Notes
Turn   | Place    | Note
-------+----------+-------------------------------------------
     0 | D:1      | Descartes the Troll Chaos Knight began the quest for the
                  | Orb.
     0 | D:1      | Reached XP level 1. HP: 22/22 MP: 0/0
    32 | D:1      | XOM: silly message
   113 | D:1      | Reached XP level 2. HP: 29/29 MP: 1/1
   428 | D:1      | XOM: silly message
   429 | D:1      | XOM: silly message
   431 | D:1      | XOM: silly message
   540 | D:1      | XOM: noise
   546 | D:1      | Reached XP level 3. HP: 36/36 MP: 2/2
   805 | D:2      | Found a stormy altar of Qazlal.
   808 | D:2      | XOM: divination: magic mapping
   885 | D:2      | XOM: cloud trail
   951 | D:2      | Noticed Jessica
   956 | D:2      | XOM: divination: magic mapping
   962 | D:2      | Killed Jessica
   963 | D:2      | Reached skill level 4 in Unarmed Combat
   963 | D:2      | Reached XP level 4. HP: 43/44 MP: 3/3
  1070 | D:2      | Noticed Robin
  1078 | D:2      | Killed Robin
  1194 | D:2      | XOM: silly message
  1458 | D:2      | Noticed Natasha
  1462 | D:2      | XOM: cast spell 'Olgreb's Toxic Radiance'
  1464 | D:2      | Killed Natasha
  1465 | D:2      | Reached XP level 5. HP: 48/50 MP: 4/4
  1503 | D:2      | XOM: cloud trail
  1521 | D:2      | Noticed Natasha
  1523 | D:2      | Noticed Natasha
  1523 | D:2      | Natasha changed into Natasha the hound
  1523 | D:2      | XOM: polymorph Natasha -> Natasha the hound
  1525 | D:2      | XOM: scenery: summon butterflies
  1529 | D:2      | XOM: summons 5 friendly demons
  1532 | D:2      | Killed Natasha the hound
  1630 | D:2      | Noticed Natasha
  1640 | D:2      | Killed Natasha
  2071 | D:2      | XOM: god gift: 753 gold pieces
  2101 | D:2      | XOM: silly message
  2194 | D:2      | Found a stormy altar of Qazlal.
  2487 | D:3      | Reached skill level 5 in Unarmed Combat
  2613 | D:3      | XOM: give mutations
  2613 | D:3      | Gained mutation: Your mind is acute. (Int +2) [Xom's grace]
  2613 | D:3      | Gained mutation: You have large cloven feet. [Xom's grace]
  2613 | D:3      | Gained mutation: You are robust. (+10% HP) [Xom's grace]
  2903 | D:3      | Found a faded altar of an unknown god.
  2911 | D:3      | Reached XP level 6. HP: 52/64 MP: 5/5
  3141 | D:4      | XOM: enchant monster (bad)
  3193 | D:4      | Noticed Duvessa
  3193 | D:4      | Noticed Dowan
  3207 | D:4      | XOM: chaos upgrade
  3211 | D:4      | Killed Duvessa
  3212 | D:4      | Reached skill level 6 in Unarmed Combat
  3212 | D:4      | Reached XP level 7. HP: 59/72 MP: 6/6
  3217 | D:4      | XOM: enchant monster (good)
  3222 | D:4      | Reached skill level 5 in Dodging
  3223 | D:4      | XOM: destruction
  3236 | D:4      | Killed Dowan
  3607 | D:4      | Found a shimmering altar of Xom.
  3729 | D:4      | Found a burning altar of Makhleb.
  3740 | D:5      | Entered Level 5 of the Dungeon
  3748 | D:5      | XOM: confusion
  3757 | D:5      | Reached skill level 7 in Unarmed Combat
  3817 | D:5      | XOM: 1-stop teleportation journey
  3878 | D:5      | Reached XP level 8. HP: 81/81 MP: 7/7
  4009 | D:5      | XOM: swap monsters
  4067 | D:5      | Reached skill level 8 in Unarmed Combat
  4238 | D:5      | Found Unegeuw's Antique Armour Shoppe.
  4241 | D:5      | Bought an embroidered robe for 81 gold pieces
  4313 | D:5      | Found a staircase to the Ecumenical Temple.
  4336 | D:5      | XOM: torment (42/81 hp)
  4345 | Temple   | Entered the Ecumenical Temple
  4685 | D:5      | XOM: cloud trail
  4753 | D:5      | XOM: give mutation
  4753 | D:5      | Gained mutation: Armour fits poorly on your strangely
                  | shaped body. [Xom's mischief]
  4802 | D:6      | Found a hide-covered altar of Uskayaw.
  4934 | D:6      | XOM: 1-stop teleportation journey
  5258 | D:6      | Found a shimmering blue altar of Sif Muna.
  5344 | D:6      | Reached XP level 9. HP: 88/88 MP: 8/8
  5635 | D:7      | XOM: give mutations
  5635 | D:7      | Lost mutation: You are robust. (+10% HP) [Xom's mischief]
  5635 | D:7      | Lost mutation: Your mind is acute. (Int +2) [Xom's
                  | mischief]
  5635 | D:7      | Gained mutation: Your body sometimes deteriorates upon
                  | taking damage. [Xom's mischief]
  5635 | D:7      | Gained mutation: You evolve. [Xom's mischief]
  5637 | D:7      | Reached skill level 9 in Unarmed Combat
  5648 | D:7      | XOM: noise
  5659 | D:7      | HP: 2/80 [killer bee (3)]
  5660 | D:7      | XOM: divination: magic mapping
  5665 | D:7      | HP: 4/80 [killer bee (2)]
  5669 | D:7      | Slain by an ufetubus

Illustrated notes

Levels and vault maps discovered:
D:1:      roderic_crossed_star, layout_basic, serial_bayou_pond_a
D:2:      layout_loops_ring, grunt_qazlal_clouds, serial_forest,
          infiniplex_forest_end_1, infiniplex_forest_straight_3,
          infiniplex_forest_lined_room_2, infiniplex_forest_corner_1,
          infiniplex_forest_clump_curved, minmay_tetromino_i2, uniq_jessica,
          uniq_natasha, uniq_robin
D:3:      layout_loops_cross, chequers_ecumenical_altar_simple_redux
D:4:      layout_rooms, makhleb_heckhound_becter, old_standard_altar,
          uniq_duvessa
D:5:      minmay_recursive_quarters, layout_basic,
          minmay_temple_entry_statues_fountains, serial_shops,
          kennysheep_mini_moat
D:6:      layout_loops_ring, eat_drink_and_be_merry_uskayaw,
          lemuel_blue_sif_altar
D:7:      layout_cave_pools, nemelex_spade_bored_becter
Temple:   minmay_temple_bridge_abc

Skill      XL: |  1  2  3  4  5  6  7  8  9 |
---------------+----------------------------+-----
Dodging        | 2 3 4 5 7 |  7.4
Unarmed Combat | 4 5 6 7 8 9 |  9.1
Fighting       | |  2.4

Action                   |  1- 3 |  4- 6 |  7- 9 || total
-------------------------+-------+-------+-------++-------
Melee: Unarmed           |   117 |   187 |   208 ||   512
       Punch             |     1 |     3 |     5 ||     9
       Kick              |       |    19 |    32 ||    51
  Use: Scroll            |       |       |     9 ||     9
       Potion            |       |       |     3 ||     3
 Stab: Sleeping          |       |     1 |       ||     1
       Confused          |       |       |     1 ||     1
Armor: Robe              |    45 |    69 |   103 ||   217
Dodge: Dodged            |    58 |   103 |   158 ||   319
